 Dungeon Crawl Stone Soup version 0.31-a0-986-g5e6e4ef867 (webtiles) character file.

Game seed: 14199884251416495017

1144 sammy202020 the Trooper (level 8, -6/71 HPs)
             Began as a Minotaur Fighter on Nov 23, 2023.
             Was an Initiate of Gozag.
             Mangled by a large slime creature (29 damage)
             ... on level 5 of the Dungeon.
             The game lasted 00:06:31 (4618 turns).

sammy202020 the Trooper (Minotaur Fighter)          Turns: 4618, Time: 00:06:32

Health: -6/71      AC: 14    Str: 22    XL:     8   Next: 15%
Magic:  7/7        EV: 12    Int:  7    God:    Gozag
Gold:   356        SH:  6    Dex: 17    Spells: 7/7 levels left

rFire   . . .        t - +2 morningstar (freeze)
rCold   . . .        c - +0 buckler
rNeg    . . .        j - +5 ring mail of Inviolability {Str+2}
rPois   .            (helmet restricted)
rElec   .            (no cloak)
rCorr   .            (no gloves)
SInv    .            q - +2 pair of boots
Will    .....        l - amulet of magic regeneration
Stlth   +            p - +6 ring of dexterity
HPRegen 0.31/turn    (no ring)
MPRegen 0.50/turn

%: no passive effects
@: no status effects
A: horns 2, retaliatory headbutt
a: Renounce Religion, Potion Petition, Call Merchant, Bribe Branch


You were on level 5 of the Dungeon.
You worshipped Gozag.
Gozag was aware of your devotion.
You visited 1 branch of the dungeon, and saw 5 of its levels.

You collected 1456 gold pieces.
You paid 1100 gold pieces to Gozag.

Inventory:

Hand Weapons
 a - a +1 flail
 t - a +2 morningstar of freezing (weapon)
Missiles
 i - 14 poisoned darts
Armour
 c - a +0 buckler (worn)
 f - a +0 chain mail
 j - the +5 ring mail of Inviolability (worn) {Str+2}
   (You found it on level 2 of the Dungeon)

   Str+2:     It affects your strength (+2).
 q - a +2 pair of boots (worn)
Jewellery
 l - an amulet of magic regeneration (around neck)
 p - a +6 ring of dexterity (left hand)
Wands
 d - a wand of flame (31)
Scrolls
 k - a scroll of amnesia
 m - a scroll of enchant armour {unknown}
 o - a scroll of teleportation
 u - a scroll of vulnerability
Potions
 b - a potion of invisibility
 e - 2 potions of curing
 g - a potion of cancellation
 h - a potion of enlightenment
 n - a potion of lignification
 r - a potion of haste {unknown}
 s - 2 potions of degeneration {unknown}


   Skills:
 * Level 6.5 Fighting
 * Level 5.9 Maces & Flails
 * Level 6.5 Armour
 + Level 3.4 Dodging
 * Level 6.5 Shields


You had 7 spell levels left.
You didn't know any spells.
Your spell library contained the following spells:

 Spells                   Type           Power      Damage    Failure   Level
 Shock                    Conj/Air       0%         1d3       65%         1
 Ozocubu's Armour         Ice            0%         N/A       95%         3
 Swiftness                Air            0%         N/A       95%         3
 Airstrike                Air            0%         2d(0-16)  100%        4
 Metabolic Englaciation   Hex/Ice        0%         N/A       100%        5
 Simulacrum               Ice/Necr       Unusable   N/A       N/A         6

Dungeon Overview and Level Annotations

Branches:
Dungeon (5/15)
 Temple: D:4-7

Altars:
Gozag
Hepliaklqana
Kikubaaqudgha
Xom

Shops:
D:4 *


Innate Abilities, Weirdness & Mutations

You have a pair of horns on your head.
You reflexively headbutt those who attack you in melee.


Message History

You see here 4 gold pieces.
The jelly quivers.
You bludgeon the endoplasm!! You freeze the endoplasm.
You kill the endoplasm!
The slime creature quivers.
The slime creature is distracted by your dazzling golden aura.
You see here 9 gold pieces.
You catch the helpless slime creature completely off-guard!
You hit the slime creature. You freeze the slime creature.
The slime creature is no longer distracted by gold.
The slime creature is lightly wounded.
The slime creature hits you.
The slime creature is distracted by your dazzling golden aura.
You puncture the slime creature! You freeze the slime creature.
The slime creature is moderately wounded.
The slime creature hits you but does no damage. x2
You barely miss the slime creature.
The slime creature is moderately wounded.
The slime creature is distracted by your dazzling golden aura.
You hit the slime creature. You freeze the slime creature.
The slime creature is no longer distracted by gold.
The slime creature is moderately wounded.
The slime creature is no longer distracted by gold.
The slime creature hits you!
You sock the slime creature! You freeze the slime creature.
The slime creature is heavily wounded.
The slime creature misses you.
The jelly quivers.
You puncture the slime creature! You freeze the slime creature.
The slime creature is severely wounded.
The slime creature hits you but does no damage.
You hit the slime creature. You freeze the slime creature.
The slime creature is severely wounded.
The slime creature hits you!
Two slime creatures merge to form a large slime creature.
You see here 4 gold pieces.
The large slime creature attacks as it pursues you!
The large slime creature hits you!!
You die...
Your body crumbles into a pile of gold.

############
..._._÷..#
...........#
...P..÷..#
########...#
.P...J.J.# '....#
#...# ...PJPJP.#
##...# #...#
.P._JJ..÷#
##...#####.# #######'#
#.....# #.###$$J)JJ##
##)))..# #.##J########
#......# #.###.J@....#
#......# #.# ####....#
#...)..###'###.......#
#......##...##....)..#
#......##...##....[..#
#....####...##.......#
.....#..+...###.....##
#....#.##...# ##...##
+....+......# ##'''##


You could see a large slime creature and a jelly.

Vanquished Creatures
  An ice beast (D:5)
  2 kobold brigands (D:5)
  Blork the orc (D:5)
  2 phantoms
  A gnoll sergeant (D:5)
  4 wights (D:5)
  A hound (D:5)
  Ijyb (D:3)
  Natasha (thrice) (D:4)
  An iguana (D:5)
  12 gnolls
  7 adders
  An adder zombie (D:3)
  An adder skeleton (D:3)
  3 worms (D:2)
  5 orcs (D:4)
  7 ball pythons
  A bat (D:3)
  10 endoplasms
  3 giant cockroaches
  4 goblins
  11 hobgoblins
  2 jackals (D:1)
  3 quokkas
  3 ball python zombies (D:3)
  3 frilled lizards
  12 kobolds
  A quokka skeleton (D:3)
  A quokka zombie (D:3)
  6 rats
113 creatures vanquished.

Notes
Turn   | Place    | Note
-------+----------+-------------------------------------------
     0 | D:1      | sammy202020 the Minotaur Fighter began the quest for the
                  | Orb.
     0 | D:1      | Reached XP level 1. HP: 19/19 MP: 0/0
   114 | D:1      | Reached XP level 2. HP: 27/27 MP: 1/1
   806 | D:1      | Found a faded altar of an unknown god.
   834 | D:1      | Identified a scroll of acquirement
   838 | D:1      | Acquired 891 gold pieces
   929 | D:2      | Reached skill level 1 in Dodging
   929 | D:2      | Reached XP level 3. HP: 33/33 MP: 2/2
  1247 | D:2      | Identified the +5 ring mail of Inviolability {Str+2}
  1306 | D:2      | Reached XP level 4. HP: 40/40 MP: 3/3
  2213 | D:3      | Noticed Ijyb
  2237 | D:3      | Killed Ijyb
  2479 | D:3      | Reached XP level 5. HP: 47/47 MP: 4/4
  2732 | D:3      | Found an opulent altar of Gozag.
  2782 | D:3      | Became a worshipper of Gozag Ym Sagoz the Greedy
  2978 | D:4      | Noticed Natasha
  2988 | D:4      | Killed Natasha
  3181 | D:4      | Noticed Natasha
  3188 | D:4      | Killed Natasha
  3192 | D:4      | Noticed Natasha
  3197 | D:4      | Killed Natasha
  3198 | D:4      | Reached skill level 5 in Fighting
  3198 | D:4      | Reached XP level 6. HP: 56/56 MP: 5/5
  3233 | D:4      | Reached skill level 5 in Shields
  3248 | D:4      | Reached skill level 5 in Armour
  3628 | D:5      | Entered Level 5 of the Dungeon
  3678 | D:5      | Noticed an ice beast
  3686 | D:5      | Killed an ice beast
  3714 | D:5      | Reached XP level 7. HP: 32/61 MP: 6/6
  3727 | D:5      | Noticed Blork the orc
  3737 | D:5      | Killed Blork the orc
  3738 | D:5      | Reached skill level 5 in Maces & Flails
  4316 | D:5      | Reached XP level 8. HP: 52/71 MP: 7/7
  4434 | D:5      | Noticed a slime creature
  4434 | D:5      | Noticed a slime creature
  4435 | D:5      | Found an opulent altar of Gozag.
  4435 | D:5      | Found an opulent altar of Gozag.
  4435 | D:5      | Found an ancient bone altar of Kikubaaqudgha.
  4435 | D:5      | Found a hazy altar of Hepliaklqana.
  4435 | D:5      | Found a shimmering altar of Xom.
  4435 | D:5      | Found a hazy altar of Hepliaklqana.
  4618 | D:5      | Mangled by a large slime creature

Illustrated notes

Levels and vault maps discovered:
D:1:      matt_arrival_diagonals, layout_basic, chequers_ecumenical_altar_twisty
D:2:      layout_loops_ring, glass_columns_b, nicolae_grassy_gnolls
D:3:      layout_basic, lemuel_coloured_pillars_altar, serial_undead,
          serial_undead_a, serial_undead_d, serial_undead_b, serial_undead_d,
          minmay_pentomino_pile, uniq_ijyb
D:4:      layout_basic, hangedman_decor_points, kennysheep_flooded_box,
          uniq_natasha
D:5:      cheibrodos_fertilizer, layout_basic, lemuel_doored_altar,
          minmay_misc_feat_plants, uniq_blork_the_orc

Skill      XL: |  1  2  3  4  5  6  7 |
---------------+----------------------+-----
Fighting       | 4 5 6 |  6.5
Dodging        | 1 2 3 |  3.4
Shields        | 4 5 6 |  6.5
Maces & Flails | 3 4 5 |  5.9
Armour         | 4 5 6 |  6.5

Action                     |  1- 3 |  4- 6 |  7- 9 || total
---------------------------+-------+-------+-------++-------
  Melee: Flail             |    61 |   146 |    29 ||   236
         Headbutt          |     3 |    26 |    15 ||    44
         Morningstar       |       |       |    36 ||    36
 Invoke: Call Merchant     |       |     1 |       ||     1
         Potion Petition   |       |       |     1 ||     1
    Use: Scroll            |     2 |    10 |     1 ||    13
         Potion            |       |     2 |       ||     2
   Stab: Distracted        |       |       |     1 ||     1
 Armour: Scale mail        |    28 |       |       ||    28
         Ring mail         |     1 |   104 |    42 ||   147
  Dodge: Dodged            |    26 |    79 |    31 ||   136
  Block: Buckler           |     8 |    37 |     9 ||    54

Table legend: (Time is in decaauts)
 A = Elapsed time spent in this place.
 B = Non-inter-level travel time spent in this place.
 C = Inter-level travel time spent in this place.
 D = Time resting spent in this place.
 E = Time spent auto-exploring this place.
 F = Levels seen in this place.
 G = Mean time per level.
                   A        B        C        D        E       F      G
               +--------+--------+--------+--------+--------+-----+--------+
         Total |   4670 |   4614 |     56 |    553 |   3157 |   5 |  934.0 |
       Dungeon |   4670 |   4614 |     56 |    553 |   3157 |   5 |  934.0 |
               +--------+--------+--------+--------+--------+-----+--------+

Top non-repeatable levels by time:
     D:2: 1179 daAuts
     D:5: 987 daAuts
     D:3: 893 daAuts
     D:1: 890 daAuts
     D:4: 720 daAuts
